 Dungeon Crawl Stone Soup version 0.31-a0-523-g071a6c1ffa (webtiles) character file.

Game seed: 13755863868691696378

5 GordonOverkill the Sneak (level 1, -2/11 HPs)
             Began as a Vine Stalker Delver on Aug 10, 2023.
             Killed by nerve-wracking pain
             ... invoked by a shadow imp
              (12 damage)
             ... on level 7 of the Dungeon.
             The game lasted 00:02:10 (448 turns).

GordonOverkill the Sneak (Vine Stalker Delver)       Turns: 448, Time: 00:02:10

Health: -2/11      AC:  3    Str: 14    XL:     1   Next: 80%
Magic:  0/2        EV: 11    Int: 10    God:
Gold:   72         SH:  0    Dex: 15    Spells: 0/0 levels left

rFire   . . .        a - +0 mace
rCold   . . .        (no shield)
rNeg    . . .        b - +0 leather armour
rPois   .            (no helmet)
rElec   .            (no cloak)
rCorr   .            (no gloves)
SInv    .            (no boots)
Will    .....        (no amulet)
Stlth   +++          (no ring)
HPRegen 0.21/turn    (no ring)
MPRegen 0.08/turn

%: guardian spirit
@: no status effects
A: fangs 2, magic shield, antimagic bite, no potion heal 2
a: no special abilities


You were on level 7 of the Dungeon.
You visited 1 branch of the dungeon, and saw 4 of its levels.

You collected 72 gold pieces.

Inventory:

Hand Weapons
 a - a +0 mace (weapon)
Armour
 b - a +0 leather armour (worn)
 i - a +0 scale mail
 l - a +0 chain mail
Talismans
 h - a granite talisman
Wands
 g - a wand of digging (3)
 k - a wand of roots (7)
Scrolls
 c - a scroll of fog
 d - a scroll of revelation
 e - a scroll of fear
 j - a scroll of teleportation {unknown}
 m - a scroll of poison {unknown}
Potions
 f - a potion of haste


   Skills:
 - Level 2.6 Fighting
 - Level 1.7 Maces & Flails
 - Level 1.5 Dodging
 - Level 6.0 Stealth
 + Level 0.0 Evocations
 + Level 1.0 Shapeshifting


You couldn't memorise any spells.
You didn't know any spells.
Your spell library was empty.

Dungeon Overview and Level Annotations

Branches:
Dungeon (7/15)
 Temple: D:4-7

Altars:
The Shining One

Shops:
D:7 [


Innate Abilities, Weirdness & Mutations

You have extremely sharp teeth.
When hurt, damage is shared between your health and your magic reserves.
Your bite disrupts and absorbs the magic of your enemies.
Potions cannot restore your health.


Message History

Found an escape hatch in the floor.
You now have 33 gold pieces (gained 18).
A bullfrog comes into view.
There is a stone staircase leading up here.
Found 22 gold pieces. 2 gnolls come into view.
You now have 55 gold pieces (gained 22).
Found a curved wooden wand.
k - a wand of roots (7)
Found a chain mail.
You see here a +0 chain mail.
l - a +0 chain mail
Found a scroll labelled CAIPLA ALLIOF.
m - a scroll labelled CAIPLA ALLIOF You open the door.
Found Fuguat's Antique Armour Emporium.
There is an open door here.
There is an entrance to Fuguat's Antique Armour Emporium here.
You can access your shopping list by pressing '$'.
You open the door.
There is an open door here.
Found 17 gold pieces.
Found a stone staircase leading up.
You now have 72 gold pieces (gained 17).
Sorry, I don't know how to traverse that place.
A shadow imp comes into view.
The helpless shadow imp fails to defend itself.
You thump the shadow imp!
The shadow imp is severely wounded.
The shadow imp hits you.
You barely miss the shadow imp. You bite the shadow imp.
The shadow imp's magic leaks into the air.
You drain its magic.
You feel invigorated.
The shadow imp is severely wounded.
The shadow imp closely misses you.
You closely miss the shadow imp.
The shadow imp is severely wounded.
The shadow imp gestures at you. Pain shoots through your body!
Ouch! That really hurt!
You die...

.............####.###............
############.##..............####
#.##.#.###........# #......#
#......### ####.### #####.## #.#
#.# #.# # ###.### #.##.# #.....#
#.@5# #.....# ####.# #...<.# #
#.....# #.....# #######


You could see a shadow imp (magic disrupted).

Vanquished Creatures
  2 orcs (D:5)
  A hobgoblin (D:5)
3 creatures vanquished.

Notes
Turn   | Place    | Note
-------+----------+-------------------------------------------
     0 | D:5      | GordonOverkill the Vine Stalker Delver began the quest for
                  | the Orb.
     0 | D:5      | Reached XP level 1. HP: 11/11 MP: 2/2
   122 | D:5      | Noticed a howler monkey
   143 | D:4      | Noticed a centaur
   173 | D:5      | Noticed a scorpion
   194 | D:5      | Found a glowing golden altar of the Shining One.
   242 | D:5      | Reached skill level 1 in Shapeshifting
   290 | D:7      | Noticed a bullfrog
   381 | D:7      | Found Fuguat's Antique Armour Emporium.
   448 | D:7      | Killed from afar by a shadow imp

Illustrated notes

Levels and vault maps discovered:
D:4:      layout_cave_pools, minmay_temple_entry_crystal_x,
          ebering_ghost_sewer_f, minmay_manual_mares
D:5:      layout_basic, mainiacjoe_overflow_surrounded_room,
          nicolae_gozag_cash_rules_everything_around_me,
          minmay_misc_feat_plants, chequers_avenue, kennysheep_generic_room_16
D:6:      layout_loops_ring, cheibriados_altar_1, uniq_eustachio
D:7:      layout_loops_cross, old_standard_altar, serial_shops,
          kennysheep_little_box, amethyst_killhole

Skill      XL: |  1 |
---------------+----+-----
Shapeshifting  | 1 |  1.0
Fighting       | |  2.6
Maces & Flails | |  1.7
Dodging        | |  1.5
Stealth        | |  6.0

Action                     || total
---------------------------++-------
  Melee: Mace              ||    10
         Bite              ||     2
   Stab: Sleeping          ||     1
 Armour: Leather armour    ||     1
  Dodge: Dodged            ||     5

Table legend: (Time is in decaauts)
 A = Elapsed time spent in this place.
 B = Non-inter-level travel time spent in this place.
 C = Inter-level travel time spent in this place.
 D = Time resting spent in this place.
 E = Time spent auto-exploring this place.
 F = Levels seen in this place.
 G = Mean time per level.
                   A        B        C        D        E       F      G
               +--------+--------+--------+--------+--------+-----+--------+
         Total |    450 |    431 |     19 |      0 |      0 |   4 |  112.5 |
       Dungeon |    450 |    431 |     19 |      0 |      0 |   4 |  112.5 |
               +--------+--------+--------+--------+--------+-----+--------+

Top non-repeatable levels by time:
     D:5: 248 daAuts
     D:7: 162 daAuts
     D:6: 35 daAuts
     D:4: 3 daAuts
